 Dungeon Crawl Stone Soup version 0.24.1-14-gf8d2b509d9 (webtiles) character file.

Game seed: 12859568684365415914, levelgen mode: deterministic

70 Gabide the Poker (level 4, -2/35 HPs)
             Began as a Human Chaos Knight on May 20, 2020.
             Was a Plaything of Xom.
             Slain by an ice beast (9 damage)
             ... on level 3 of the Dungeon.
             The game lasted 00:04:20 (1992 turns).

Gabide the Poker (Human Chaos Knight)               Turns: 1992, Time: 00:04:20

Health: -2/35      AC:  5    Str: 13    XL:     4   Next: 44%
Magic:  4/4        EV: 10    Int: 10    God:    Xom [....*.]
Gold:   110        SH:  0    Dex: 11    Spells: 3/3 levels left

rFire    . . .     SeeInvis .   a - +0 spear (chaos)
rCold    . . .     Gourm    .   (no shield)
rNeg     . . .     Faith    .   g - +0 ring mail (curse)
rPois    .         Spirit   .   (no helmet)
rElec    .         Reflect  .   (no cloak)
rCorr    .         Harm     .   (no gloves)
MR       .....                  (no boots)
Stlth    +.........             (no amulet)
HPRegen  0.11/turn              (no ring)
MPRegen  0.09/turn              (no ring)

@: no status effects
A: clumsy 1, dopey 1
a: Renounce Religion


You were on level 3 of the Dungeon.
You worshipped Xom.
You were a beloved toy of Xom.
You were not hungry.

You visited 1 branch of the dungeon, and saw 3 of its levels.

You collected 110 gold pieces.

Inventory:

Hand Weapons
 a - a +0 spear of chaos (weapon)
Armour
 b - a +2 leather armour
 g - a cursed +0 ring mail (worn)
Wands
 h - a wand of paralysis (7)
Scrolls
 i - a scroll of teleportation
 j - a scroll of remove curse {unknown}
Potions
 e - 2 potions of curing {unknown}
 f - a potion of flight {unknown}
Comestibles
 c - 4 rations


   Skills:
 + Level 3.3 Fighting
 * Level 3.7 Polearms
 * Level 3.0 Armour
 + Level 1.6 Dodging


You had 3 spell levels left.
You didn't know any spells.
Your spell library was empty.

Dungeon Overview and Level Annotations

Branches:
Dungeon (3/15)

Altars:
Xom


Innate Abilities, Weirdness & Mutations

You are clumsy. (Dex -2)
You are dopey. (Int -2)


Message History

The ice beast hits you. The ice beast freezes you!
Your ring mail prevents you from hitting the ice beast.
The ice beast hits you. The ice beast freezes you!
* * * LOW HITPOINT WARNING * * *
Xom makes a sudden noise!
You hear a very strange noise.
Evoke which item? (* to show all) (? for menu, Esc to quit)
Aiming: Paralyse
Press: ? - help, Shift-Dir - straight line, f/p - ice beast
Aim: an ice beast (chance to defeat MR: 46%)
The ice beast resists with some effort.
The ice beast barely misses you.
You are now a beloved toy of Xom.
Evoke which item? (* to show all) (? for menu, Esc to quit)
Aiming: Paralyse
Press: ? - help, Shift-Dir - straight line, f/p - ice beast
Aim: an ice beast (chance to defeat MR: 46%)
The ice beast resists with some effort.
The ice beast hits you.
* * * LOW HITPOINT WARNING * * *
The ice beast freezes you!
You die...
Xom guffaws!

#............#
#............#
#............#
###............#
..#............#
..#....((......#
..#............#
.##............######
)..)............@Y.>#
[##............####.#
..###............##.# ..#
#............##.#####
...##............##.....#
##.##............#####.##
..#............# #.#
..#............#####.#
...............#.....#


You could see an ice beast.

Vanquished Creatures
  3 gnolls (D:3)
  An adder (D:2)
  A dart slug (D:1)
  A leopard gecko (D:1)
  A giant cockroach (D:1)
  4 goblins (D:2)
  4 jackals
  3 kobolds
  2 ball pythons (D:3)
  4 bats
  2 frilled lizards (D:2)
  2 rats
28 creatures vanquished.

Notes
Turn   | Place    | Note
-------+----------+-------------------------------------------
     0 | D:1      | Gabide the Human Chaos Knight began the quest for the Orb.
     0 | D:1      | Reached XP level 1. HP: 18/18 MP: 1/1
    87 | D:1      | XOM: harmless Ice miscast
   276 | D:1      | XOM: harmless Fire miscast
   343 | D:1      | Reached XP level 2. HP: 24/24 MP: 2/2
   588 | D:2      | XOM: god gift: wand of paralysis (10)
   713 | D:2      | Reached XP level 3. HP: 21/29 MP: 3/3
   979 | D:2      | XOM: scenery: create altars
  1075 | D:2      | XOM: mild Fire miscast
  1136 | D:2      | XOM: 2-stop teleportation journey
  1154 | D:2      | XOM: give mutations
  1154 | D:2      | Gained mutation: You are clumsy. (Dex -2) [Xom's mischief]
  1154 | D:2      | Gained mutation: Scrolls take you a little longer to read.
                  | [Xom's mischief]
  1154 | D:2      | Lost mutation: Scrolls take you a little longer to read.
                  | [Xom's mischief]
  1154 | D:2      | Gained mutation: You are dopey. (Int -2) [Xom's mischief]
  1480 | D:3      | XOM: confusion
  1603 | D:3      | XOM: blink monster(s)
  1616 | D:3      | Reached XP level 4. HP: 16/35 MP: 4/4
  1678 | D:3      | XOM: torment (9/35 hp)
  1967 | D:3      | Noticed an ice beast
  1968 | D:3      | XOM: noise
  1972 | D:3      | XOM: noise
  1992 | D:3      | Slain by an ice beast

Levels and vault maps discovered:
D:1:      zaba_arrival_water, layout_loops_ring
D:2:      layout_loops_cross
D:3:      layout_basic, marbit_many_paths

Skill      XL: |  1  2  3  4 |
---------------+-------------+-----
Armour         | 3 |  3.0
Fighting       | |  3.3
Polearms       | |  3.7
Dodging        | |  1.6

Action                   |  1- 3 |  4- 6 || total
-------------------------+-------+-------++-------
Melee: Spear             |   107 |    19 ||   126
Throw: Throwing net      |       |     1 ||     1
Evoke: Wand              |     1 |     2 ||     3
  Use: Scroll            |     1 |       ||     1
       Potion            |     1 |       ||     1
 Stab: Paralysed         |     6 |     3 ||     9
  Eat: Ration            |     1 |       ||     1
Armor: Leather armour    |     6 |       ||     6
       Ring mail         |    39 |       ||    39
       Skin              |     4 |    12 ||    16
Dodge: Dodged            |    46 |     1 ||    47
